 Dungeon Crawl Stone Soup version 0.25-a0-734-g73332aeda9 (webtiles) character file.

Game seed: 4731908622149484374, levelgen mode: deterministic

139 Error4North the Ruffian (level 5, -2/41 HPs)
             Began as a Draconian Transmuter on Apr 10, 2020.
             Slain by a worker ant (6 damage)
             ... on level 4 of the Dungeon.
             The game lasted 00:09:10 (3047 turns).

Error4North the Ruffian (Draconian Transmuter)      Turns: 3047, Time: 00:09:12

Health: -2/41      AC:  6    Str: 13    XL:     5   Next: 1%
Magic:  8/8        EV: 13    Int: 14    God:
Gold:   107        SH:  0    Dex: 13    Spells: 2/8 levels left

rFire    . . .     SeeInvis +     - Unarmed
rCold    . . .     Gourm    .   (no shield)
rNeg     . . .     Faith    .   (armour unavailable)
rPois    .         Spirit   .   (helmet restricted)
rElec    .         Reflect  .   (no cloak)
rCorr    .         Harm     .   (no gloves)
MR       .....                  i - +0 pair of boots
Stlth    ++........             h - amulet of magic regeneration
HPRegen  0.13/turn              n - +2 ring of dexterity
MPRegen  0.36/turn              o - ring of see invisible

@: lethally poisoned (-2 -> -13)
A: unfitting armour, cold-blooded, AC +5
a: no special abilities


You were on level 4 of the Dungeon.
You were not hungry.

You visited 1 branch of the dungeon, and saw 4 of its levels.

You collected 107 gold pieces.

Inventory:

Missiles
 a - 65 arrows
Armour
 i - a +0 pair of boots (worn)
Jewellery
 h - an amulet of magic regeneration (around neck)
 n - a +2 ring of dexterity (left hand)
 o - a ring of see invisible (right hand)
 q - an uncursed ring of magical power {unknown}
Wands
 j - a wand of digging (4)
Scrolls
 b - a scroll of fog {unknown}
 d - 6 scrolls of remove curse
 f - 3 scrolls of enchant weapon {unknown}
 g - 2 scrolls of random uselessness {unknown}
 l - a scroll of fear {unknown}
 m - 2 scrolls of teleportation {unknown}
 p - 3 scrolls of identify {unknown}
 r - 2 scrolls of blinking {unknown}
 t - a scroll of immolation {unknown}
 u - a scroll of magic mapping {unknown}
Potions
 e - 4 potions of curing {unknown}
 k - a potion of degeneration {unknown}
 s - a potion of might {unknown}
 w - a potion of berserk rage {unknown}
Comestibles
 c - 4 rations
 v - a chunk of flesh


   Skills:
 * Level 1.9 Fighting
 * Level 2.7 Dodging
 * Level 1.3 Stealth
 + Level 3.8 Unarmed Combat
 + Level 2.4 Spellcasting
 * Level 2.7 Transmutations
 * Level 0.4 Poison Magic


You had 2 spell levels left.
You knew the following spells:

 Your Spells              Type           Power        Failure   Level  Hunger
a - Beastly Appendage     Tmut           #.....       8%          1    #......
b - Sticks to Snakes      Tmut           #.......     11%         2    ###....
c - Spider Form           Tmut/Pois      #.........   34%         3    ###....

Your spell library contained the following spells:

 Spells                   Type           Power        Failure   Level  Hunger
 Ice Form                 Ice/Tmut       #.......     78%         4    #####..
 Blade Hands              Tmut           #.........   90%         5    ######.


Dungeon Overview and Level Annotations

Branches:
Dungeon (4/15)
 Temple: D:4-7

Altars:
Gozag

Annotations:
D:4 Edmund


Innate Abilities, Weirdness & Mutations

Your plain brown scales are hard. (AC +5)
You cannot fit into any form of body armour.
You are cold-blooded and may be slowed by cold attacks.


Message History

You hit the worker ant but do no damage.
The worker ant is heavily wounded.
Your horns disappear.
You feel sick.
The worker ant bites you but does no damage.
You barely miss the worker ant.
The worker ant is heavily wounded.
You feel sick. The worker ant bites you!
* * * LOW HITPOINT WARNING * * *
You hit the worker ant but do no damage.
The worker ant is heavily wounded.
* * * LOW HITPOINT WARNING * * *
You feel sick. The worker ant closely misses you.
You hit the worker ant. You tail-slap the worker ant.
The worker ant is almost dead.
* * * LOW HITPOINT WARNING * * *
You feel sick.
The worker ant bites you but does no damage.
The worker ant bites you.
You die...

.. ......
.#####.....
.........
....... #.....
#....# #.a†.#
#..@.# ##
#....##..#
##.......##
##.#####..###.#
#......<.......
#.##.#.##..##.#
#. #..... .# #.
#.##...... #+
### .##...#


You could see a worker ant.

Vanquished Creatures
  A gnoll (D:1)
  7 adders
  3 oozes (D:1)
  2 leopard geckos
  An orc (D:3)
  2 giant cockroaches (D:2)
  3 goblins (D:1)
  6 hobgoblins
  4 jackals (D:1)
  2 quokkas (D:3)
  6 bats
  7 frilled lizards
  6 kobolds
  6 rats
56 creatures vanquished.

Notes
Turn   | Place    | Note
-------+----------+-------------------------------------------
     0 | D:1      | Error4North the Draconian Transmuter began the quest for
                  | the Orb.
     0 | D:1      | Reached XP level 1. HP: 16/16 MP: 3/3
    49 | D:1      | Reached XP level 2. HP: 13/23 MP: 3/5
   441 | D:1      | Reached XP level 3. HP: 19/28 MP: 4/6
  1338 | D:2      | Reached skill level 1 in Stealth
  1351 | D:2      | Reached XP level 4. HP: 35/35 MP: 7/7
  1384 | D:2      | Learned a level 2 spell: Sticks to Snakes
  1388 | D:2      | Learned a level 3 spell: Spider Form
  2455 | D:3      | Found an opulent altar of Gozag.
  2891 | D:3      | Reached XP level 5. HP: 41/41 MP: 8/8
  2970 | D:4      | Noticed Edmund
  3047 | D:4      | Slain by a worker ant

Levels and vault maps discovered:
D:1:      elethiomel_arrival_shortcut, layout_basic
D:2:      layout_basic, serial_park_tiny_1, minmay_pentomino_z4
D:3:      layout_basic, grunt_gozag_breadcrumbs
D:4:      layout_basic, lemuel_doored_altar, gammafunk_temple_overflow_elements,
          first_ration, minmay_small_thing, uniq_duvessa, uniq_eustachio,
          uniq_edmund

Skill      XL: |  1  2  3 |
---------------+----------+-----
Dodging        | 2 |  2.7
Stealth        | 1 |  1.3
Fighting       | |  1.9
Unarmed Combat | |  3.8
Spellcasting   | |  2.4
Transmutations | |  2.7
Poison Magic   | |  0.4

Action                   |  1- 3 |  4- 6 || total
-------------------------+-------+-------++-------
Melee: Unarmed           |   101 |   130 ||   231
       Headbutt          |     7 |    14 ||    21
       Tailslap          |    13 |    16 ||    29
       Kick              |     5 |       ||     5
       Punch             |     1 |       ||     1
 Cast: Beastly Appendage |    12 |    15 ||    27
  Use: Scroll            |       |     2 ||     2
  Eat: Chunk             |     2 |     5 ||     7
Armor: Skin              |    36 |    45 ||    81
Dodge: Dodged            |    83 |    98 ||   181

Table legend:
 A = Non-vault XP
 B = Vault XP
 C = Vault XP percentage of total XP
 D = Non-vault monster count
 E = Vault monster count
 F = Vault count percentage of total count
                 A         B        C        D         E       F
            +---------+---------+-------+---------+---------+-------
      Total |     169 |      30 |  15.1 |      52 |       4 |   7.1
            +---------+---------+-------+---------+---------+-------
        D:1 |      70 |       0 |   0.0 |      26 |       0 |   0.0
        D:2 |      50 |      30 |  37.5 |      10 |       4 |  28.6
        D:3 |      46 |       0 |   0.0 |      15 |       0 |   0.0
        D:4 |       3 |       0 |   0.0 |       1 |       0 |   0.0
            +---------+---------+-------+---------+---------+-------
